 Dungeon Crawl Stone Soup version 0.23.2-33-g5129a83 (webtiles) character file.

Game seed: 9079444072253760896

1125 Aphrodieselac the Infuser (level 8, -3/56 HPs)
             Began as a Merfolk Skald on Aug 7, 2019.
             Was an Initiate of Okawaru.
             Slain by Pikel
             ... wielding a +0 whip of freezing
              (6 damage)
             ... on level 5 of the Dungeon.
             The game lasted 00:26:34 (5788 turns).

Aphrodieselac the Infuser (Merfolk Skald)           Turns: 5788, Time: 00:26:34

Health: -3/56      AC: 13    Str: 11    XL:     8   Next: 35%
Magic:  7/11       EV: 12    Int: 14    God:    Okawaru [......]
Gold:   255        SH:  0    Dex: 14    Spells: 6/11 levels left

rFire    . . .     SeeInvis .   A - +0 trident
rCold    . . .     Gourm    +   (no shield)
rNeg     . . .     Faith    .   b - +0 leather armour
rPois    .         Spirit   .   (no helmet)
rElec    .         Reflect  .   v - +2 cloak {MR+}
rCorr    .         Harm     .   (no gloves)
MR       +....                  p - +0 pair of boots
Stlth    +.........             z - amulet of the gourmand
HPRegen  0.18/turn              h - +3 ring of protection
MPRegen  0.12/turn              y - +3 ring of protection

@: about to teleport, infused, lightly drained
A: change form in water, swift swim, stealthy swim
a: Renounce Religion


You were on level 5 of the Dungeon.
You worshipped Okawaru.
Okawaru was noncommittal.
You were very full.

You visited 2 branches of the dungeon, and saw 7 of its levels.

You collected 255 gold pieces.

Inventory:

Hand Weapons
 a - a +0 spear
 t - a +0 halberd
 A - a +0 trident (weapon)
Missiles
 l - 6 curare-tipped needles
 x - 4 javelins (quivered)
Armour
 b - a +0 leather armour (worn)
 p - a +0 pair of boots (worn)
 v - a +2 cloak of magic resistance (worn)
Jewellery
 h - a +3 ring of protection (left hand)
 y - a +3 ring of protection (right hand)
 z - an amulet of the gourmand (around neck)
Wands
 o - a wand of disintegration (15)
 w - a wand of scattershot (5)
Scrolls
 c - 3 scrolls of teleportation
 f - a scroll of amnesia {unknown}
 g - 4 scrolls of identify {unknown}
 i - 2 scrolls of immolation {unknown}
 n - 2 scrolls of noise {unknown}
 q - a scroll of enchant armour {unknown}
 u - a scroll of fear {unknown}
 B - a scroll of blinking {unknown}
Potions
 e - a potion of might {unknown}
 j - 2 potions of degeneration {unknown}
 k - 3 potions of invisibility
 m - 3 potions of curing {unknown}
 r - 2 potions of heal wounds {unknown}
 s - a potion of mutation {unknown}
Comestibles
 d - 9 rations


   Skills:
 - Level 2.1(1.9) Fighting
 + Level 8.4(8.1) Polearms
 - Level 0.6(0.3) Armour
 - Level 2.6(2.4) Dodging
 - Level 2.0(1.7) Spellcasting
 * Level 9.2(8.9) Charms


You had 6 spell levels left.
You knew the following spells:

 Your Spells              Type           Power        Failure   Level  Hunger
a - Infusion              Chrm           ####         1%          1    ##.....
b - Song of Slaying       Chrm           ####....     1%          2    ###....
c - Shroud of Golubria    Chrm/Tloc      ##........   8%          2    ###....

Your spell library contained the following spells:

 Spells                   Type           Power        Failure   Level  Hunger
 Regeneration             Chrm/Necr      ##........   16%         3    ####...
 Spectral Weapon          Hex/Chrm       ##......     16%         3    ####...
 Summon Small Mammal      Summ           #...         32%         1    ##.....
 Call Imp                 Summ           #.......     43%         2    ###....
 Call Canine Familiar     Summ           #.......     67%         3    ####...
 Summon Guardian Golem    Hex/Summ       #.......     67%         3    ####...
 Summon Ice Beast         Ice/Summ       #.......     97%         4    #####..
 Summon Lightning Spire   Summ/Air       #.......     97%         4    #####..


Dungeon Overview and Level Annotations

Branches:
Dungeon (6/15)             Temple (1/1) D:4

Altars:
Ashenzari
Cheibriados
Dithmenos
Elyvilon
Fedhas
Gozag
Hepliaklqana
Kikubaaqudgha
Makhleb
Nemelex Xobeh
Okawaru
Qazlal
Ru
Sif Muna
Trog
Vehumet
The Shining One
Beogh

Annotations:
D:5 Pikel
D:6 3 runed translucent doors, Dowan; Duvessa; opbatmanxx's ghost, novice DEWz


Message History

Pikel hits you but does no damage. The slave closely misses you.
You closely miss Pikel.
Pikel is heavily wounded.
Pikel misses you. The slave closely misses you.
You closely miss Pikel.
Pikel is heavily wounded.
Pikel misses you. The slave hits you but does no damage.
You closely miss Pikel.
Pikel is heavily wounded.
Pikel hits you but does no damage. The slave hits you.
* * * LOW HITPOINT WARNING * * *
As you read the scroll labeled JYMEWNA ISOZ, it crumbles to dust.
You feel strangely unstable.
It was a scroll of teleportation.
Pikel misses you. The slave hits you!
* * * LOW HITPOINT WARNING * * *
You closely miss Pikel.
Pikel is heavily wounded.
Pikel says, "You'll feel the lick of my whip!"
Pikel hits you with a +0 whip of freezing.
You die...

#........# #........#
######........###
#...............#
##.............#.#######
...............#.......#
##......#....#.#######.#
##......#....#.#######.#
...............K@p.....#
##.######.##.#.############
### #..................#
#..####.############
##.####.#### #####
##.##......# ##..)#
#..##......###### .'...#
##.##...........## ##...#
##.##......####..#


You could see Pikel and a slave.

Vanquished Creatures
  2 slaves (D:5)
  2 sky beasts
  2 ogres
  A scorpion (D:4)
  A howler monkey (D:3)
  A crimson imp (D:5)
  A hound (D:3)
  2 orc priests
  5 orc wizards
  Crazy Yiuf (D:5)
  Natasha (thrice) (D:2)
  3 worker ants
  A hound skeleton (D:5)
  7 gnolls
  4 adders
  2 shadow imps
  2 oozes
  An adder skeleton (D:4)
  3 worms
  3 dart slugs
  3 leopard geckos
  12 orcs
  A ball python (D:5)
  2 bats
  8 giant cockroaches
  15 goblins
  9 hobgoblins
  3 jackals (D:1)
  A quokka (D:5)
  5 frilled lizards
  A jackal skeleton (D:5)
  6 kobolds
  A leopard gecko skeleton (D:5)
  5 rats
119 creatures vanquished.

Notes
Turn   | Place    | Note
-------+----------+-------------------------------------------
     0 | D:1      | Aphrodieselac the Merfolk Skald began the quest for the
                  | Orb.
     0 | D:1      | Reached XP level 1. HP: 16/16 MP: 3/3
   242 | D:1      | Reached XP level 2. HP: 22/22 MP: 5/5
   395 | D:1      | Reached skill level 4 in Charms
   488 | D:1      | Reached XP level 3. HP: 27/27 MP: 6/6
  1079 | D:2      | Found a faded altar of an unknown god.
  1361 | D:2      | Found a snail-covered altar of Cheibriados.
  1413 | D:2      | Reached XP level 4. HP: 32/33 MP: 7/7
  1464 | D:2      | Learned a level 2 spell: Song of Slaying
  1467 | D:2      | Learned a level 2 spell: Shroud of Golubria
  1610 | D:2      | Reached skill level 5 in Charms
  1615 | D:2      | Noticed Natasha
  1626 | D:2      | Killed Natasha
  1696 | D:2      | Noticed Natasha
  1705 | D:2      | Killed Natasha
  1705 | D:2      | Reached XP level 5. HP: 28/38 MP: 3/8
  1725 | D:2      | Noticed Natasha
  1736 | D:2      | Killed Natasha
  1736 | D:2      | Reached skill level 5 in Polearms
  2466 | D:3      | Found a radiant altar of Vehumet.
  2545 | D:3      | Reached skill level 6 in Charms
  2567 | D:3      | Noticed a sky beast
  2613 | D:3      | Killed a sky beast
  2613 | D:3      | Reached XP level 6. HP: 44/44 MP: 0/9
  3202 | D:3      | Reached skill level 7 in Charms
  3358 | D:3      | Reached XP level 7. HP: 43/50 MP: 8/10
  4042 | D:4      | Reached skill level 8 in Charms
  4090 | D:5      | Entered Level 5 of the Dungeon
  4291 | D:4      | Found a shadowy altar of Dithmenos.
  4404 | D:5      | Found a runed translucent door.
  4405 | D:5      | Noticed Crazy Yiuf
  4423 | D:4      | Found a staircase to the Ecumenical Temple.
  4436 | Temple   | Entered the Ecumenical Temple
  4680 | D:4      | Reached XP level 8. HP: 53/56 MP: 7/11
  4878 | D:5      | Found an iron altar of Okawaru.
  4891 | D:5      | Became a worshipper of Warmaster Okawaru
  4902 | D:5      | Found a white marble altar of Elyvilon.
  5276 | D:5      | Reached skill level 9 in Charms
  5433 | D:5      | Killed Crazy Yiuf
  5524 | D:6      | Noticed Duvessa
  5524 | D:6      | Noticed Dowan
  5609 | D:6      | Noticed Pikel
  5712 | D:6      | Found a runed translucent gate.
  5712 | D:6      | Found a runed translucent gate.
  5712 | D:6      | Noticed opbatmanxx's ghost (novice DEWz)
  5713 | D:6      | Found a runed translucent gate.
  5714 | D:6      | Found a roughly hewn altar of Beogh.
  5715 | D:6      | Identified the +8 halberd "Doam" {chop, rElec rC+ MR-
                  | Str+2}
  5787 | D:5      | HP: 2/56 [slave[Pikel] (8)]
  5788 | D:5      | Slain by Pikel

Skill      XL: |  1  2  3  4  5  6  7  8 |
---------------+-------------------------+-----
Charms         | 4 5 6 7 8 9 |  9.2
Polearms       | 4 5 6 7 8 |  8.4
Fighting       | |  2.1
Armour         | |  0.6
Dodging        | |  2.6
Spellcasting   | |  2.0

Action                   |  1- 3 |  4- 6 |  7- 9 || total
-------------------------+-------+-------+-------++-------
Melee: Spear             |   167 |   147 |       ||   314
       Halberd           |       |    42 |   130 ||   172
       Trident           |       |       |    88 ||    88
Throw: Javelin           |       |       |     3 ||     3
 Cast: Infusion          |     3 |    11 |    13 ||    27
       Shroud of Golubri |       |     2 |     7 ||     9
       Song of Slaying   |       |     1 |     1 ||     2
  Use: Scroll            |       |       |     1 ||     1
 Stab: Sleeping          |     2 |       |     2 ||     4
  Eat: Chunk             |     2 |     6 |    23 ||    31
Armor: Leather armour    |    24 |    48 |    70 ||   142
Dodge: Dodged            |    69 |    98 |   103 ||   270
